 Dungeon Crawl Stone Soup version 0.19-a0-414-g76fec5b (webtiles) character file.

175 wvc the Bolt Thrower (level 5, 6/42 HPs)
             Began as a Mummy Wanderer on May 31, 2016.
             Quit the game on level 4 of the Dungeon.
             The game lasted 00:03:58 (2912 turns).

wvc the Bolt Thrower (Mummy Wanderer)               Turns: 2912, Time: 00:03:59

Health: 6/42       AC:  5    Str: 16    XL:     5   Next: 29%
Magic:  14/14      EV: 11    Int: 11    God:
Gold:   146        SH:  0    Dex: 12    Spells: 0 memorised, 4 levels left

rFire  x . .     SeeInvis .     c - +0 hand crossbow
rCold  + . .     Gourm    .     a - +0 leather armour
rNeg   + + +     Faith    .     (no shield)
rPois  ∞         Spirit   .     (no helmet)
rElec  .         Dismiss  .     (no cloak)
rCorr  .         Reflect  .     (no gloves)
SustAt .         Harm     .     n - +1 pair of boots
MR     .....                    (no amulet)
Stlth  +.........               (no ring)
                                k - ring of magical power

@: not resistant to hostile enchantments, very unstealthy
A: no food or potions, fire vulnerability, cold resistance 1, negative energy
resistance 3, torment resistance, unbreathing
a: no special abilities


You were on level 4 of the Dungeon.
You were not hungry.

You visited 1 branch of the dungeon, and saw 4 of its levels.

You collected 146 gold pieces.

Inventory:

Hand Weapons
 c - a +0 hand crossbow (weapon)
 f - a +0 mace
Missiles
 b - 5 throwing nets
 d - 32 bolts (quivered)
 i - 19 poisoned needles
Armour
 a - a +0 leather armour (worn)
 e - a +0 ring mail
 n - a +1 pair of boots (worn)
Jewellery
 k - a ring of magical power (left hand)
Scrolls
 g - 4 scrolls of identify {unknown}
 h - 2 scrolls of teleportation {unknown}
 j - a scroll of magic mapping {unknown}
 l - a scroll of noise {unknown}
 m - a scroll of enchant armour {unknown}


   Skills:
 - Level 4.0 Fighting
 + Level 4.4 Crossbows
 - Level 1.0 Armour
 - Level 1.5 Dodging
   Level 1.0 Shields
   Level 1.0 Evocations


You had 4 spell levels left.
You didn't know any spells.

Dungeon Overview and Level Annotations

Branches:
Dungeon (4/15)
 Temple: D:4-7

Altars:


Innate Abilities, Weirdness & Mutations

You do not eat or drink.
Your flesh is vulnerable to fire.
You are immune to poison.
Your flesh is cold resistant. (rC+)
You are immune to negative energy. (rN+++)
You are immune to unholy pain and torment.
You can survive without breathing.


Message History

Ouch! That really hurt!
* * * LOW HITPOINT WARNING * * *
You are too injured to fight recklessly!
You are too injured to fight recklessly!
You are too injured to fight recklessly!
Firing (i - inventory. (,) - cycle):
d - 34 bolts (quivered)
Press: ? - help, Shift-Dir - straight line, f - ogre
Aim: an ogre, wielding a giant club You shoot a bolt.
The bolt hits the ogre!
The ogre is moderately wounded.
The ogre barely misses you.
Firing (i - inventory. (,) - cycle):
d - 33 bolts (quivered)
Press: ? - help, Shift-Dir - straight line, f/p - ogre
Aim: an ogre, wielding a giant club (moderately wounded)
You shoot a bolt. The bolt hits the ogre.
The ogre is moderately wounded.
The centaur skeleton barely misses you. The ogre hits you but does no damage.
The centaur skeleton hits you.
* * * LOW HITPOINT WARNING * * *
Are you sure you want to abandon this character and quit the game? (Confirm with "yes".)

#..# #.# .#.#.#
#.###..######.##
. .....
#.............#.
#.#..(.
#####..########.
...(.....####..#
#.
#....(........#
#.
#.......#####.#
#. #..Z#######.#
#. #...@O......#
#. ######.#.####
#. #.#.# #.
#.#.# ## #.#.#
#.#.###########
#.......†<.O..#
###.#########.#
#.# #.#


You could see an ogre and a centaur skeleton.

Vanquished Creatures
  An iguana (D:4)
  3 gnolls (D:3)
  6 adders
  2 worms (D:3)
  3 dart slugs
  2 giant geckos
  An orc (D:3)
  2 giant cockroaches
  5 goblins
  4 hobgoblins
  7 jackals
  2 quokkas (D:4)
  A ball python (D:1)
  4 bats
  8 giant newts
  2 kobolds
  5 rats
58 creatures vanquished.

Notes
Turn   | Place    | Note
--------------------------------------------------------------
     0 | D:1      | wvc the Mummy Wanderer began the quest for the Orb.
     0 | D:1      | wvc set off with: a +0 leather armour, 4 throwing nets, a +0 hand crossbow, 27 bolts, a +0 ring mail
     0 | D:1      | Reached XP level 1. HP: 19/19 MP: 1/1
   251 | D:1      | Reached XP level 2. HP: 25/25 MP: 2/2
   598 | D:2      | Reached XP level 3. HP: 13/30 MP: 3/3
  1369 | D:2      | Reached XP level 4. HP: 32/37 MP: 4/4
  2299 | D:4      | Reached XP level 5. HP: 42/42 MP: 5/5
  2349 | D:4      | Noticed an ogre
  2912 | D:4      | Quit the game

Vault maps used:
D:1:      minmay_arrival_plants_in_alcoves
D:2:      first_bread, minmay_strange_pillars
D:4:      grunt_ministairs_14

Skill      XL: |  1  2  3  4 |
---------------+-------------+-----
Crossbows      | 2 3 4 |  4.4
Fighting       | |  4.0
Armour         | |  1.0
Dodging        | |  1.5
Shields        | |  1.0
Evocations     | |  1.0

Action                   |  1- 3 |  4- 6 || total
-------------------------+-------+-------++-------
 Fire: Hand crossbow     |    72 |   100 ||   172
Armor: Leather armour    |     8 |    13 ||    21
Dodge: Dodged            |    23 |    26 ||    49
